[Event "*** SCC Grand Prix: Titled Tuesday Blitz"]
[Site "Chess.com"]
[Date "2020.08.04"]
[Round "4"]
[White "WeAintSurePal"]
[Black "SamuelGhimpu2003"]
[Result "0-1"]
[WhiteElo "2371"]
[BlackElo "2560"]
[TimeControl "180+1"]
[EndTime "14:24:17 PDT"]
[Termination "SamuelGhimpu2003 won by checkmate"]

1. d4 Nf6 2. Nf3 e6 3. Bg5 c5 4. c3 Qb6 5. Bxf6 gxf6 6. dxc5 Bxc5 7. e3 Qxb2 8. Nbd2 Qxc3 9. Rc1 Qa5 10. Bd3 Nc6 11. O-O Be7 12. a4 f5 13. e4 fxe4 14. Nxe4 d5 15. Ng3 Bd7 16. Bb5 Bd6 17. Nd4 Ne7 18.
Bxd7+ Kxd7 19. Nb5 Qb6 20. Qf3 Raf8 21. Rfd1 f5 22. Ne2 a6 23. Nxd6 Qxd6 24. Qb3 b6 25.
a5 b5 26. Qe3 e5 27. Qa7+ Ke6 28. Re1 Kf6 29. Ng3 Rc8 30. Rxc8 Rxc8 31. Qe3 Kg7 32.
Qg5+ Kf7 33. Nxf5 Qf6 34. Qh5+ Ke6 35. Nxe7 Kxe7 36. Rxe5+ Kf8 37. g3 Qg6 38. Rf5+ Ke7 39. Qe2+ Kd7 40. Rxd5+ Kc6 41. Qe5 Re8 42. Rd6+ Qxd6 43.
Qxe8+ Qd7 44. Qe4+ Qd5 45. Qxh7 b4 46. Qa7 Kb5 47.
Qb6+ Ka4 48. Qxa6 b3 49. Qb6 Qd1+ 50. Kg2 Qc2 51. a6 Qe4+ 52. Kh3 Qh7+ 53. Kg4 Qe4+ 54. f4 Qe2+ 55. Kg5 Qe7+ 56. Kf5 Qf7+ 57. Ke5 Qe7+ 58.
Kd5 Qd7+ 59. Kc5 Qf5+ 60. Kc6 Qe6+ 61. Kc7 Qe7+ 62. Kb8 Qe8+ 63. Ka7 Qd7+ 64. Qb7 Qd4+ 65. Ka8 Qd8+ 66. Qb8 Qxb8+ 67. Kxb8 b2 68. a7 b1=Q+ 69. Ka8 Ka5 70. f5 Ka6 71. f6 Qb7# 0-1

[Event "*** SCC Grand Prix: Titled Tuesday Blitz"]
[Site "Chess.com"]
[Date "2020.08.04"]
[Round "4"]
[White "superchess02"]
[Black "vladislavkovalev"]
[Result "0-1"]
[WhiteElo "2718"]
[BlackElo "2893"]
[TimeControl "180+1"]
[EndTime "14:24:18 PDT"]
[Termination "vladislavkovalev won by resignation"]

1. e4 e5 2. Nf3 Nc6 3. Bb5 a6 4. Ba4 Nf6 5. O-O Be7 6. Re1 b5 7. Bb3 d6 8. c3 O-O 9. h3 Nb8 10. d4 Nbd7 11. Nbd2 c5 12. Nf1 Re8 13. Ng3 Bf8 14. a4 Bb7 15. d5 c4 16. Bc2 Qc7 17.
Nh2 Reb8 18. Ng4 Nxg4 19. Qxg4 Bc8 20. Qh4 Nc5 21. f4 Qe7 22. Qxe7 Bxe7 23. a5 b4 24. Be3 exf4 25. Bxf4 bxc3 26. bxc3 Rb2 27. Re2 Bd7 28. e5 Rab8 29. exd6 Bf8 30. Rae1 g6 31. Ne4 Nxe4 32. Bxe4 Bg7 33. Rxb2 Rxb2 34. Bf3 Bxc3 35. Re7 Rb7 36. Be2 Bf6 37. Bxc4 Bxe7 38. dxe7 Rb4 39. Bxa6 Rxf4 40.
Bc8 Re4 41. Bxd7 Rxe7 42. Bc8 Rc7 43. Bg4 Ra7 44. d6 Rxa5 45. Bc8 Rd5 46. d7 Kf8 47. Kf2 Ke7 48. Kf3 Rxd7 49. Bxd7 Kxd7 50. Kf4 f6 51.
h4 Ke6 52. Ke4 h5 53. g3 Kd6 54. Kd4 Ke6 55. Ke4 Ke7 56. Ke3 Kd6 57. Kd4 f5 58.
Ke3 Ke5 59. Kf3 f4 60. gxf4+ Kf5 61. Ke3 Kg4 62. Ke4 Kxh4 63. f5 gxf5+ 64. Kf4 Kh3 65.
Kf3 h4 66. Kf4 Kg2 67. Kxf5 h3 0-1

[Event "*** SCC Grand Prix: Titled Tuesday Blitz"]
[Site "Chess.com"]
[Date "2020.08.04"]
[Round "4"]
[White "RobertoJBM"]
[Black "rasmussvane"]
[Result "1-0"]
[WhiteElo "2712"]
[BlackElo "2859"]
[TimeControl "180+1"]
[EndTime "14:24:20 PDT"]
[Termination "RobertoJBM won by resignation"]

1. d4 e6 2. c4 b6 3. Nf3 Bb7 4. g3 Bb4+ 5. Bd2 Bxf3 6. exf3 Bxd2+ 7. Qxd2 d5 8. cxd5 Qxd5 9. Bg2 Nc6 10. Nc3 Qxd4 11.
Qe2 Nge7 12. O-O O-O 13. Rfd1 Qf6 14. Qc4 Rad8 15. f4 e5 16. fxe5 Nxe5 17. Qxc7 N7g6 18. Nd5 Qe6 19. f4 Rd7 20. Qc2 Ng4 21. f5 Qe5 22. fxg6 fxg6 23. Qe4 Qxe4 24. Bxe4 Nf2 25. Bg2 Nxd1 26. Rxd1 Rfd8 27. Rd2 Kf8 28. Kf2 Rd6 29.
Ke3 Ke8 30. Kd4 Kd7 31. Re2 Kc6 32. Re5 Kb7 33. Re7+ R8d7 34. Re5 Kb8 35. Be4 a6 36. b4 Ka7 37. a4 b5 38. a5 Rc6 39. Bd3 Rcd6 40. Kc5 Kb7 41. Be4 Rc6+ 42. Kd4 Rc4+ 43. Kd3 Ka7 44. Bf3 Rxb4 45. Ke2 Ra4 46. Ne7 Kb8 47.
Nc6+ Kc7 48. Re6 Rd6 49. Re7+ Rd7 50. Re6 Rc4 51. Ne5 Rd6 52. Rxd6 Kxd6 53. Nxc4+ bxc4 54. Bb7 Kc5 55. Bxa6 Kb4 56. Bxc4 Kxa5 57. Bg8 h6 58. Bh7 g5 59. Ke3 Kb6 60. Ke4 Kc7 61. Kf5 Kd8 62.
Kg6 Ke7 63. Kxg7 h5 64. Kh6 h4 65. Kxg5 hxg3 66. hxg3 Kf8 67. Bf5 Kg7 68. g4 Kf7 69. Kf4 Kg8 70. g5 Kh8 71. Ke5 Kg8 72. Kf6 Kh8 73.
Bg4 Kg8 74. Bf3 Kh8 75. Kf7 Kh7 76. g6+ 1-0

[Event "*** SCC Grand Prix: Titled Tuesday Blitz"]
[Site "Chess.com"]
[Date "2020.08.04"]
[Round "4"]
[White "BJthechessgod"]
[Black "XiaoKangZhong"]
[Result "1-0"]
[WhiteElo "2262"]
[BlackElo "2403"]
[TimeControl "180+1"]
[EndTime "14:24:22 PDT"]
[Termination "BJthechessgod won by checkmate"]

1. e4 c6 2. d4 d5 3. Nc3 dxe4 4. Nxe4 Nf6 5. Nxf6+ exf6 6. c3 Bd6 7.
Bd3 O-O 8. Qc2 Re8+ 9. Ne2 h5 10. Be3 Nd7 11. O-O-O Nf8 12. h4 b5 13. Nf4 Qc7 14.
Nxh5 Bg4 15. Be2 Bxe2 16. Qxe2 Ng6 17. Qg4 a5 18. Nxg7 Kxg7 19. h5 Rh8 20. hxg6 fxg6 21. Rh4 Rxh4 22. Qxh4 Rh8 23. Qg4 Kf7 24. g3 a4 25. Qf3 b4 26. c4 b3 27. a3 Rh5 28.
Rh1 Rxh1+ 29. Qxh1 Kg8 30. Qe4 Kg7 31. Qh4 Qa5 32. Qh6+ Kf7 33. Qh7+ Ke6 34. Qg8+ Ke7 35. Qg7+ Ke6 36. Bd2 Qh5 37. Qh6 Qxh6 38. Bxh6 Kf5 39. c5 Bc7 40. f3 Ke6 41. g4 Kd5 42. Be3 f5 43. Kd2 f4 44. Bf2 Bd8 45. Kc3 Ba5+ 46. Kd3 Bc7 47. Be1 Bd8 48. Bd2 g5 49. Bc3 Bc7 50. Bb4 Bd8 51. Bc3 Bc7 52. Kd2 Bd8 53.
Ke2 Bf6 54. Kd3 Bd8 55. Be1 Bc7 56. Bf2 Bd8 57. Kc3 Bf6 58. Kb4 Bxd4 59. Bxd4 Kxd4 60. Kxa4 Kc4 61. Ka5 Kxc5 62. a4 Kc4 63. Kb6 Kb4 64. a5 c5 65. a6 c4 66. a7 c3 67. bxc3+ Kxc3 68. a8=Q b2 69. Qa3+ Kc2 70. Qa2 Kc1 71.
Qc4+ Kb1 72. Ka5 Ka1 73. Qa4+ Kb1 74. Kb4 Kc1 75. Qc6+ Kd2 76. Qc3+ Kd1 77. Qxb2 Ke1 78. Kc4 Kf1 79. Kd3 Kg1 80. Ke4 Kh1 81. Kf5 Kg1 82.
Kxg5 Kf1 83. Kxf4 Ke1 84. Ke3 Kf1 85. Qf2# 1-0

[Event "*** SCC Grand Prix: Titled Tuesday Blitz"]
[Site "Chess.com"]
[Date "2020.08.04"]
[Round "4"]
[White "ellatambien"]
[Black "XDPS"]
[Result "0-1"]
[WhiteElo "2348"]
[BlackElo "2677"]
[TimeControl "180+1"]
[EndTime "14:24:26 PDT"]
[Termination "XDPS won on time"]

1. c4 c6 2. e4 d6 3. d4 g6 4.
Nc3 Bg7 5. Be2 Nd7 6. Nf3 e5 7.
O-O Ne7 8. b4 a6 9. dxe5 dxe5 10. c5 O-O 11. a3 a5 12. Bb2 Re8 13. Qc2 Nf8 14. Rfd1 Qc7 15. Na4 Bg4 16. Nb6 Rad8 17. Ng5 Bxe2 18. Qxe2 h6 19. Nf3 Ne6 20. g3 Nc8 21.
Nc4 axb4 22. axb4 Nd4 23. Bxd4 exd4 24. Qd3 b6 25. e5 bxc5 26. bxc5 Rd5 27. Nd6 Nxd6 28.
exd6 Qd7 29. Ra5 Qb7 30. Rb1 Qd7 31. Kg2 Qd8 32. Rb6 Rxc5 33. Rxc5 Qxb6 34. Qc4 Rc8 35. Nxd4 Rd8 36. Nxc6 Rxd6 37. Ne7+ Kf8 38. Nd5 Qd8 39. Rc8 Rxd5 40. Rxd8+ Rxd8 41. h4 h5 42. Qc5+ Kg8 43. Qc4 Re8 44. Qb5 Re6 45. Qc4 Bf6 46. Qd5 Kg7 47. Qc4 Re5 48. Qd3 Rf5 49. f4 Rc5 50. Qd6 Rc2+ 51. Kf3 Rc3+ 52. Kg2 Re3 53. Qd5 Re6 54.
Kf3 Re7 55. Kf2 Ra7 56. Kf3 Ra3+ 57. Kg2 Ra4 58. Kf3 Rd4 59. Qc5 Rd3+ 60. Kg2 Bd4 61.
Qc4 Rd2+ 62. Kf3 Rf2+ 63. Ke4 Bf6 64. Qd5 Rf1 65. Ke3 Ra1 66. Kf2 Ra3 67. Kg2 Rc3 68. Qd6 Re3 0-1

[Event "*** SCC Grand Prix: Titled Tuesday Blitz"]
[Site "Chess.com"]
[Date "2020.08.04"]
[Round "4"]
[White "binbin239"]
[Black "Grandmaster2B"]
[Result "0-1"]
[WhiteElo "2531"]
[BlackElo "2390"]
[TimeControl "180+1"]
[EndTime "14:24:27 PDT"]
[Termination "Grandmaster2B won by checkmate"]

1. d4 Nf6 2. c4 e6 3. Nf3 b6 4. g3 Ba6 5. Qc2 Bb7 6. Bg2 Bb4+ 7. Bd2 Bxd2+ 8. Nbxd2 c5 9. dxc5 bxc5 10. O-O O-O 11. Rfd1 d6 12. Rab1 Nc6 13. a3 a5 14. Ne4 Nxe4 15.
Qxe4 Qe7 16. Ne1 Rab8 17. Qf4 Nd4 18. Qd2 Bxg2 19. Nxg2 Rb3 20. Nf4 Rfb8 21. Qxa5 Rxb2 22. Rxb2 Rxb2 23. e3 Nf3+ 24. Kg2 Ne5 25. Qa8+ Qf8 26. Qxf8+ Kxf8 27. Rxd6 Nxc4 28. Rc6 Nxe3+ 29. Kf3 Nc4 30. Rxc5 Nxa3 31. Nd3 Rc2 32. Ra5 Nc4 33. Ra7 Rd2 34.
Nc5 Rd5 35. Rc7 Ke8 36. Ke2 Ne5 37. Ne4 Nd7 38. Rc8+ Ke7 39. Rg8 Re5 40. Kf3 Rxe4 41. Rxg7 Re5 42. Rxh7 Rf5+ 43. Kg2 Nf6 44. Rh4 e5 45. Rc4 Ke6 46. f3 Kd5 47. Rc7 Ne8 48.
Rd7+ Nd6 49. g4 Rf4 50. Kg3 Ke6 51. Rd8 Nc4 52. Re8+ Kf6 53. h4 Nd2 54. g5+ Kf5 55. Rf8 Rxf3+ 56. Kg2 Kg6 57. Rg8+ Kh5 58. Rd8 Kxh4 59.
Rxd2 Rg3+ 60. Kh2 Rxg5 61. Re2 f6 62. Re4+ Rg4 63. Re3 Rf4 64. Rh3+ Kg4 65. Rg3+ Kf5 66. Rg1 Rh4+ 67. Kg2 Rg4+ 68. Kf2 Rxg1 69. Kxg1 Ke4 70. Kf2 Kd3 71. Kf3 e4+ 72. Kf2 e3+ 73. Ke1 e2 74. Kf2 Kd2 75. Kf3 e1=Q 76. Kf4 Qe5+ 77. Kg4 Ke3 78. Kh3 Qg5 79. Kh2 Kf2 80. Kh3 Qg3# 0-1

[Event "*** SCC Grand Prix: Titled Tuesday Blitz"]
[Site "Chess.com"]
[Date "2020.08.04"]
[Round "4"]
[White "SilviusTiberius"]
[Black "mapleaff"]
[Result "1/2-1/2"]
[WhiteElo "2504"]
[BlackElo "2372"]
[TimeControl "180+1"]
[EndTime "14:24:30 PDT"]
[Termination "Game drawn by repetition"]

1. e4 e5 2. Nf3 Nc6 3. Bb5 Nf6 4.
O-O Nxe4 5. Re1 Nd6 6. Nxe5 Be7 7. Bf1 Nxe5 8. Rxe5 O-O 9. d4 Bf6 10. Re1 Re8 11.
Bf4 Rxe1 12. Qxe1 Bxd4 13. c3 Bf6 14. Bxd6 cxd6 15. Qd2 Qc7 16. Na3 a6 17. Re1 Kf8 18. Nc4 b5 19. Nxd6 Bb7 20. Rd1 Bc6 21. Qf4 Re8 22. Bd3 Re6 23. Bxh7 Qxd6 24. Qxd6+ Rxd6 25. Rxd6 Be5 26. Rxc6 dxc6 27. Be4 c5 28. g3 b4 29. cxb4 cxb4 30. b3 a5 31. Kg2 Bd4 32. h4 Ke7 33.
Kf3 Ke6 34. Bd3 Ke5 35. g4 f6 36. Kg3 Bc3 37. f4+ Kd4 38. Bf5 Be1+ 39. Kh3 Ke3 40. g5 Kxf4 41. gxf6 gxf6 42. Be6 f5 43. Bf7 Bf2 44.
h5 Kg5 45. Kg2 Bb6 46. Kf3 Bd8 47. Ke3 f4+ 48. Kf3 Bc7 49. Be8 Bd8 50. Ke4 Bc7 51.
Kd3 Bb6 52. Ke4 Bc7 53. Bf7 Bd8 54. h6 Kxh6 55. Kxf4 Kg7 56. Bc4 Kf6 57. Ke4 Ke7 58.
Kd5 Kd7 59. Kc5 Kc7 60. Kb5 Kb7 61. Bf1 Ka7 62. Bg2 Bb6 63. Bf3 Bd8 64. Ka4 Kb6 65. Be2 Bf6 66. Bd3 Bb2 67. Bf1 Ba3 68. Be2 Bc1 69. Bf1 Ba3 70. Be2 Bc1 71. Bf1 Ba3 1/2-1/2

[Event "*** SCC Grand Prix: Titled Tuesday Blitz"]
[Site "Chess.com"]
[Date "2020.08.04"]
[Round "4"]
[White "Robert_Chessmood"]
[Black "Evgeny81"]
[Result "0-1"]
[WhiteElo "2963"]
[BlackElo "2762"]
[TimeControl "180+1"]
[EndTime "14:24:31 PDT"]
[Termination "Evgeny81 won on time"]

1. e4 e5 2. Nf3 Nc6 3. Nc3 Nf6 4. d4 exd4 5. Nxd4 Bb4 6. Nxc6 bxc6 7. Bd3 d5 8. exd5 cxd5 9. O-O O-O 10. Bg5 c6 11. Qf3 Be7 12. h3 h6 13. Bf4 Bd6 14.
Rfe1 Bxf4 15. Qxf4 Be6 16. Na4 Qb8 17. Qd4 Nd7 18.
b4 a5 19. a3 axb4 20. axb4 Qd6 21. Nc5 Nxc5 22. bxc5 Qc7 23. f4 Rxa1 24. Rxa1 Re8 25.
Re1 Bd7 26. Rxe8+ Bxe8 27. Qe5 Qxe5 28. fxe5 Kf8 29. Kf2 Ke7 30. Ke3 f6 31. Kd4 Ke6 32. exf6 Kxf6 33. h4 g5 34. g3 gxh4 35. gxh4 Bd7 36. c3 Be8 37. Bc2 Bd7 38. Bd3 Be8 39. Bb1 Bd7 40. Bc2 Be8 41. Bd3 Bd7 42. Bf1 Bc8 43. Bg2 Bd7 44. Bf1 Bc8 45. Bd3 Bd7 46. Ke3 Ke5 47. Bf1 Bf5 48. Ba6 Bd7 49. Bb7 Kf5 50. Kd4 Kf4 51. Ba8 Kf5 52. Bb7 Kf4 53. Ba6 Kf5 54. Bf1 Kf4 55. Bd3 Be8 56. Bc2 Bd7 57.
Bg6 Kg4 58. Ke5 Kxh4 59. Kd6 Kg5 60. Bf7 Bc8 61. Kxc6 h5 62. Kc7 Ba6 63. Bxd5 Kf4 64. Kb6 Ke5 0-1

[Event "*** SCC Grand Prix: Titled Tuesday Blitz"]
[Site "Chess.com"]
[Date "2020.08.04"]
[Round "4"]
[White "Martins-BR"]
[Black "amatatanav"]
[Result "1-0"]
[WhiteElo "2222"]
[BlackElo "2419"]
[TimeControl "180+1"]
[EndTime "14:24:31 PDT"]
[Termination "Martins-BR won on time"]

1. e4 c5 2. Nf3 Nc6 3. Nc3 g6 4. d4 cxd4 5. Nxd4 Bg7 6. Be3 Nf6 7. Nxc6 bxc6 8. e5 Ng8 9. Bd4 Qc7 10. f4 f6 11. Qe2 fxe5 12. Bxe5 Bxe5 13. Qxe5 Qxe5+ 14. fxe5 d6 15. exd6 exd6 16. O-O-O d5 17. Bd3 Nf6 18. Rde1+ Kf7 19. Rhf1 Bd7 20. h3 Rhe8 21. Na4 Rxe1+ 22. Rxe1 Re8 23. Rf1 Ke7 24. Nc5 Bc8 25. b4 Rf8 26. a3 Kd6 27. Re1 Re8 28. Rf1 Rf8 29. Re1 Re8 30. Rf1 Ke7 31. Re1+ Kf7 32. Rf1 Kg7 33.
Nb3 Nd7 34. Kd2 Ne5 35. Nd4 Bd7 36. Rf2 h6 37. Re2 Kf6 38. Rf2+ Kg7 39. Re2 Re7 40. Ba6 Be8 41. Kc3 Kf8 42. Rf2+ Rf7 43. Re2 Re7 44. Rf2+ Kg8 45. Nb3 Rf7 46. Re2 Re7 47. Kd4 c5+ 48. Nxc5 Nc6+ 49. Kxd5 Rxe2 50. Bxe2 Kf7 51. Kd6 Nd4 52. Bd3 Bc6 53. g4 Bg2 54. h4 Nf3 55. h5 gxh5 56. gxh5 Ne1 57. Bg6+ Kf6 58. Kc7 Bf3 59. Nd7+ Kg5 60. Ne5 Bxh5 61. Bxh5 Kxh5 62. b5 Nxc2 63. a4 Kg5 64. a5 h5 65.
b6 axb6 66. axb6 Nb4 67. b7 Na6+ 68. Kb6 Nb8 69. Nc6 1-0

[Event "*** SCC Grand Prix: Titled Tuesday Blitz"]
[Site "Chess.com"]
[Date "2020.08.04"]
[Round "4"]
[White "Mazetovic"]
[Black "BilodeauA"]
[Result "0-1"]
[WhiteElo "2706"]
[BlackElo "2873"]
[TimeControl "180+1"]
[EndTime "14:24:36 PDT"]
[Termination "BilodeauA won by resignation"]

1. e4 c5 2. Nf3 Nc6 3. Nc3 d6 4. Bb5 Bd7 5. Bxc6 Bxc6 6. d4 cxd4 7. Nxd4 Bd7 8. O-O g6 9. Be3 Bg7 10. Qd2 Rc8 11. f3 Nf6 12. Nb3 a5 13. a4 O-O 14.
Qf2 Be6 15. Nd4 Bc4 16. Rfd1 Nd7 17. Rab1 Qc7 18. b3 Be6 19. Ncb5 Qd8 20. c4 Nc5 21. Ne2 Qe8 22. Bd4 b6 23. Bxg7 Kxg7 24. Qd4+ f6 25. Nf4 Bd7 26. Nd5 Qf7 27. Nxb6 Rb8 28. Nxd7 Nxd7 29.
Qd5 Nc5 30. Qxf7+ Kxf7 31. Kf2 Ke6 32. Ke3 f5 33. exf5+ gxf5 34. Rd4 Rg8 35. g3 Kd7 36. Rh4 Rg7 37. Kd2 Rf8 38. Kc3 f4 39. g4 Rf6 40. Re1 h6 41. Nd4 Rg8 42. Nf5 e6 43. Rxh6 Rxh6 44. Nxh6 Rg6 45. Nf7 Ke7 46. Nxd6 Kxd6 47.
h4 Rg8 48. h5 Rh8 49. Rd1+ Ke7 50. Re1 Kf6 51. Rd1 Rb8 52. Rb1 e5 53. Kc2 Ne6 54. Kc3 Nd4 55. b4 Nxf3 56. Kd3 axb4 57. c5 Nd4 58. Kc4 b3 59. a5 b2 60. h6 Nc6 61. a6 Kg6 62. Kd5 Nb4+ 63. Kxe5 Nxa6 64. Kd6 f3 65. c6 f2 66. c7 Nxc7 67. Kxc7 f1=Q 68.
Rxb2 Qf4+ 69. Kc6 Rxb2 70. g5 Qxg5 0-1

[Event "*** SCC Grand Prix: Titled Tuesday Blitz"]
[Site "Chess.com"]
[Date "2020.08.04"]
[Round "4"]
[White "mishikomchedlishvili"]
[Black "Chesswizard_2007"]
[Result "1-0"]
[WhiteElo "2762"]
[BlackElo "2506"]
[TimeControl "180+1"]
[EndTime "14:25:06 PDT"]
[Termination "mishikomchedlishvili won by resignation"]

1. e4 e5 2. Nf3 Nc6 3. Bb5 a6 4.
Ba4 Nf6 5. d3 b5 6. Bb3 Be7 7. O-O O-O 8. a3 Bb7 9. Nc3 h6 10. Re1 Re8 11. Nd5 Na5 12. Nxe7+ Qxe7 13. Ba2 c5 14. Nh4 Kh7 15. Nf5 Qf8 16. Qf3 Ng8 17.
Ne3 Nf6 18. Nf5 Ng8 19. Bd2 Nc6 20. c3 g6 21. Ne3 Kg7 22. Nd5 Rac8 23. Qh3 Red8 24. f4 d6 25. f5 Nb8 26. f6+ Kh7 27. Ne7 h5 28. Nxc8 Bxc8 29. Qh4 Nc6 30. Rf1 Rd7 31. Bg5 Rc7 32. Rf3 Nh6 33. h3 Nd8 34. g4 Nxg4 35. hxg4 Bxg4 36. Rg3 Be6 37.
Bd5 c4 38. dxc4 bxc4 39. Rd1 Bxd5 40. exd5 Nb7 41. Be3 Nc5 42. Qxc4 Ne6 43. Qh4 Nf4 44.
Bxf4 Rc4 45. Rf1 Qb8 46. Qg5 exf4 47. Rxf4 Rxf4 48. Qxf4 Qxb2 49. Re3 Qc1+ 50. Kf2 Qd2+ 51. Kf3 Qd1+ 52. Re2 Qf1+ 53. Ke3 Qc1+ 54. Ke4 Qxc3 55.
Qd2 Qc4+ 56. Ke3 Qg4 57. Qd4 Qg3+ 58. Kd2 Qxa3 59. Re7 Qa2+ 60. Ke3 Qb3+ 61. Kf4 Qh3 62. Rxf7+ Kh6 63. Qe3 g5+ 64. Ke4 Qg2+ 65. Kd4 Qb2+ 66. Qc3 Qf2+ 67. Qe3 Qb2+ 68. Qc3 Qf2+ 69. Kc4 Qe2+ 70.
Qd3 Qa2+ 71. Kd4 Qb2+ 72. Ke3 Qc1+ 73. Ke2 Qb2+ 74. Kf3 g4+ 75. Ke3 Qe5+ 76. Kf2 Qf4+ 77. Ke2 Qh2+ 78. Kd1 Qg1+ 79. Kc2 Qc5+ 80. Qc3 Qf2+ 81.
Qd2+ Qxd2+ 82. Kxd2 Kg6 83. Rd7 Kxf6 84. Rxd6+ Ke5 85.
Rxa6 Kxd5 86. Ke3 Ke5 87. Rh6 g3 88. Rxh5+ Kf6 89. Kf3 Kg6 90. Rh3 g2 91. Rg3+ 1-0

[Event "*** SCC Grand Prix: Titled Tuesday Blitz"]
[Site "Chess.com"]
[Date "2020.08.04"]
[Round "4"]
[White "MF1966Idrisov"]
[Black "kuban1991"]
[Result "0-1"]
[WhiteElo "2345"]
[BlackElo "2760"]
[TimeControl "180+1"]
[EndTime "14:25:34 PDT"]
[Termination "kuban1991 won on time"]

1. Nf3 g6 2. d4 Bg7 3. b3 Nf6 4. Bb2 O-O 5. g3 d6 6. Bg2 Nbd7 7. O-O e5 8. dxe5 Ng4 9. c4 Ngxe5 10. Nc3 a5 11.
Qd2 Nc5 12. Rad1 Be6 13. Nd5 Bxd5 14. cxd5 Nxf3+ 15. Bxf3 Bxb2 16. Qxb2 Re8 17. a3 Qe7 18. b4 axb4 19. axb4 Na4 20. Qb3 b5 21. Ra1 Nb6 22.
Rxa8 Rxa8 23. Qb2 Nc4 24. Qd4 Qe5 25. Qd3 Ra3 26. Qb1 Nd2 27. Qc1 Qc3 28. Qxc3 Rxc3 29. Ra1 Nb3 30. Ra7 Nd4 31. Rb7 Rc4 32. Kg2 Kf8 33.
Be4 Rxb4 34. Rxc7 Nxe2 35. Bd3 Nd4 36. Rd7 Rb3 37. Bf1 Nf5 38. Rb7 b4 39. Bc4 Rb2 40.
Bd3 Ne7 41. Bc4 g5 42. Rb6 Nf5 43. Kf3 Ke7 44. Bd3 Nd4+ 45. Kg4 h6 46. h4 gxh4 47. gxh4 b3 48. f4 Rd2 49. Bh7 b2 50. h5 Rg2+ 51.
Kh3 Rf2 52. Kg3 Rf3+ 53. Kg4 Rb3 54. Ra6 b1=Q 55. Bxb1 Rxb1 56. Ra8 Kf6 57. Rh8 Kg7 58. Rd8 Rg1+ 59. Kh3 Nf5 60. Re8 Kf6 61. Rh8 Rh1+ 62. Kg2 Rxh5 63. Rd8 Ne3+ 64. Kf3 Nxd5 65. Rxd6+ Ke7 66.
Ra6 Nf6 67. Ra7+ Kf8 68. Ra6 Kg7 69. Ra1 Rd5 70. Rg1+ Kf8 71. Ke3 Rb5 72. Kd4 h5 73.
Rh1 Rf5 74. Ke3 Kg7 75. Rg1+ Ng4+ 76. Ke4 Kg6 77. Rh1 Rf6 78. Rh4 Re6+ 79. Kf3 Re3+ 80. Kg2 f5 81. Kg1 Rf3 0-1

[Event "*** SCC Grand Prix: Titled Tuesday Blitz"]
[Site "Chess.com"]
[Date "2020.08.04"]
[Round "4"]
[White "1stSecond"]
[Black "Koksik_13"]
[Result "1/2-1/2"]
[WhiteElo "2850"]
[BlackElo "2616"]
[TimeControl "180+1"]
[EndTime "14:25:47 PDT"]
[Termination "Game drawn - insufficient material"]

1. d4 d5 2. Nf3 e6 3. c4 a6 4.
e3 Nf6 5. b3 c5 6. Be2 Nc6 7. O-O Be7 8. Bb2 O-O 9. Nbd2 b6 10.
dxc5 bxc5 11. cxd5 exd5 12. Rc1 Bb7 13. Bxf6 Bxf6 14.
Rxc5 d4 15. Ne4 dxe3 16. Nxf6+ Qxf6 17. fxe3 Qe7 18. Qc1 Rac8 19. a3 Na5 20. Rxc8 Rxc8 21. Qd2 Nxb3 22. Qd3 Nc1 23. Qd2 Qxa3 24. Nd4 Nxe2+ 25.
Qxe2 Qe7 26. Nf5 Qf6 27. Qg4 Re8 28. h4 Bc8 29. e4 g6 30. Nh6+ Kg7 31. Rxf6 Bxg4 32.
Nxg4 Rxe4 33. Rxa6 Rxg4 34. h5 gxh5 35. Rb6 Rg6 36. Rb5 Kh6 37. Rb2 Rg5 38. Kh2 Rf5 39. Rb6+ Kg5 40. Rb7 Kg6 41. Rb8 h6 42. Rg8+ Kf6 43.
Ra8 Kg5 44. Rg8+ Kf6 45. Ra8 Rg5 46. Ra6+ Kg7 47. Ra4 Rg4 48. Ra7 Re4 49. Ra2 f5 50. Ra5 Kf6 51. Ra8 Kg5 52. Rg8+ Kf6 53. Rf8+ Kg6 54.
Rg8+ Kf7 55. Rh8 Kg7 56. Ra8 Re6 57. Ra5 Kf6 58. Ra8 Kg5 59. Rg8+ Rg6 60. Ra8 h4 61.
Kh3 Re6 62. Rg8+ Kh5 63. Rf8 Re3+ 64. Kh2 Kg4 65. Rg8+ Kf4 66. Rg6 h5 67. Rh6 Kg5 68. Rh8 h3 69. Rg8+ Kf4 70. g3+ Kf3 71. Rg5 Re2+ 72. Kxh3 Ke4 73. Rxh5 Re1 74. Kg2 Re2+ 75. Kh3 Re1 76. Rh4+ Ke5 77. Kg2 Re2+ 78. Kf3 Ra2 79.
Rb4 Ra3+ 80. Kg2 Kf6 81. Rb5 Kg5 82. Rb2 Rc3 83. Rf2 Rc4 84. Rf3 Rc2+ 85. Rf2 Rc3 86. Ra2 Kg4 87. Ra4+ Kg5 88. Ra2 Rd3 89. Rf2 Rd4 90. Rf3 f4 91. Rxf4 Rxf4 92. gxf4+ Kxf4 1/2-1/2

[Event "*** SCC Grand Prix: Titled Tuesday Blitz"]
[Site "Chess.com"]
[Date "2020.08.04"]
[Round "4"]
[White "frederiksvane"]
[Black "Guenplen"]
[Result "1/2-1/2"]
[WhiteElo "2575"]
[BlackElo "2842"]
[TimeControl "180+1"]
[EndTime "14:27:05 PDT"]
[Termination "Game drawn by 50-move rule"]

1. e4 c5 2. Nf3 e6 3. d4 cxd4 4.
Nxd4 Nf6 5. Nc3 Nc6 6. Ndb5 Bc5 7. Nd6+ Ke7 8. Bf4 e5 9. Nf5+ Kf8 10. Be3 Bb4 11. Bd3 d6 12. O-O Bxf5 13. exf5 d5 14. Bg5 Qa5 15. Rb1 h6 16. Bh4 Rd8 17. a3 Be7 18. Re1 e4 19. Bf1 Qc5 20. Qd2 Qd4 21. Qf4 Bd6 22. Qe3 Qe5 23. Bg3 Qxf5 24. Bxd6+ Rxd6 25. Qc5 Ke7 26. Nb5 Qe6 27. Nxd6 Qxd6 28.
Qe3 Rd8 29. Rbd1 Kf8 30. Qh3 Ne5 31. Qf5 g6 32. Qh3 Kg7 33. Qg3 Nh5 34. Qh4 Nf6 35. h3 g5 36. Qg3 Qc7 37. c3 Nh5 38. Qh2 Qd6 39. Rd2 Nf6 40. Red1 Ng6 41. Qxd6 Rxd6 42. Bc4 Nf4 43. g3 Nxh3+ 44. Kg2 g4 45. Bxd5 Ng5 46.
Bxb7 Rb6 47. Bc8 Nf3 48. Re2 Rb5 49. Bd7 Rh5 50. Rh1 Rxh1 51. Kxh1 Nxd7 52. Rxe4 Nf6 53. Ra4 Kg6 54. Kg2 Ne1+ 55. Kf1 Nd3 56. b4 Ne4 57. Rxa7 Nxc3 58. Rb7 f6 59. b5 Nc5 60. Rc7 N3a4 61.
b6 Ne6 62. b7 Nxc7 63. b8=Q Ne6 64. Qd6 Nec5 65. Qd5 h5 66. Qc4 f5 67. Kg2 Kf6 68. Qb5 Ke5 69. Qc6 Kd4 70. Qf6+ Ke4 71. Qg5 Ke5 72. Qf4+ Ke6 73. Qh6+ Ke5 74. Qxh5 Ke4 75. Qe8+ Kd4 76. Qe3+ Kd5 77. Qf4 Ke6 78. Kf1 Kf6 79. Qd4+ Ke6 80. Ke2 Ke7 81. Ke3 Kf7 82. Qd5+ Kf6 83. Kf4 Ne6+ 84. Ke3 Nec5 85. Qc4 Ke5 86. Qd4+ Ke6 87. Kf4 Kf7 88. Kxf5 Ke7 89. Kxg4 Kf7 90. f4 Ke7 91. Kg5 Ne6+ 92. Kg6 Nxd4 93. f5 Nc6 94.
Kg7 Ne5 95. g4 Nxg4 96. f6+ Nxf6 97. Kg6 Ke6 98. Kg5 Ke5 99. Kg6 Nd5 100. Kf7 Nf4 101. Ke7 Ne6 102. Kd7 Kd5 103. Ke7 Nd4 104. Kf6 Kd6 105. Kg6 Ke5 106. Kf7 Nc6 107. Kg6 Ne7+ 108. Kf7 Nf5 109. Kg6 Nd6 110. Kg5 Ne4+ 111. Kg6 Ke6 112. Kg7 Nd6 113.
Kg6 Nf7 114. Kg7 Ne5 115. Kh6 Kf5 116. Kh5 Ng6 117. Kh6 Nf4 118. Kg7 Ng6 119. Kf7 Nf4 120. Ke7 Ke5 121. Kd7 Nd5 122. Kc6 Ke6 123. Kb5 Ndc3+ 124. Kc4 Kd6 125. Kd4 Kc6 126. Kc4 Kb6 127. Kd4 Kb5 128. Ke5 Kc5 129. Ke6 Nd5 130. Ke5 Ndb6 131. Ke4 Nc3+ 132. Ke5 Nba4 133. Kf4 Kd4 134. Kf5 Kd5 135. Kf4 Ke6 136. Ke3 Ke5 137. Kd3 Kd5 138. Ke3 Ne4 139. Kf4 Kd4 140. Kf5 Nd6+ 141. Ke6 Kc5 142. Ke5 Nc4+ 143. Ke4 Ncb6 144. Ke5 Nd7+ 145. Ke4 Kd6 146. Kd4 Ne5 1/2-1/2

[Event "*** SCC Grand Prix: Titled Tuesday Blitz"]
[Site "Chess.com"]
[Date "2020.08.04"]
[Round "5"]
[White "keepitcool9499"]
[Black "Sam_ChessMood"]
[Result "0-1"]
[WhiteElo "2642"]
[BlackElo "2809"]
[TimeControl "180+1"]
[EndTime "14:35:19 PDT"]
[Termination "Sam_ChessMood won by resignation"]

1. d4 Nf6 2. c4 e6 3. Nc3 Bb4 4. Bd2 O-O 5. e3 b6 6. Nf3 Bb7 7. Bd3 d5 8. a3 Bd6 9. Qc2 dxc4 10. Bxc4 Nbd7 11. e4 e5 12. dxe5 Nxe5 13. Nxe5 Bxe5 14.
f3 Qe7 15. O-O Qc5+ 0-1

[Event "*** SCC Grand Prix: Titled Tuesday Blitz"]
[Site "Chess.com"]
[Date "2020.08.04"]
[Round "5"]
[White "1f3_2g41-0"]
[Black "Roza_Idrisova"]
[Result "1-0"]
[WhiteElo "2431"]
[BlackElo "2239"]
[TimeControl "180+1"]
[EndTime "14:35:52 PDT"]
[Termination "1f3_2g41-0 won by checkmate"]

1. e4 c6 2. d4 d5 3. e5 c5 4. dxc5 e6 5. a3 Bxc5 6. b4 Bb6 7. Bb2 Ne7 8. Nf3 O-O 9. Bd3 Nbc6 10. Bxh7+ Kxh7 11. Ng5+ Kg6 12. Qg4 f5 13. exf6 gxf6 14. Nxe6+ Kf7 15.
Nxd8+ Rxd8 16. Qh5+ Ke6 17. O-O Bd7 18. Re1+ Kd6 19.
Bxf6 Rg8 20. Bxe7+ Nxe7 21. Qe5+ Kc6 22. Qxe7 Raf8 23.
Re2 Bd8 24. Qc5# 1-0

[Event "*** SCC Grand Prix: Titled Tuesday Blitz"]
[Site "Chess.com"]
[Date "2020.08.04"]
[Round "5"]
[White "Grandmaster2B"]
[Black "DariaVoit"]
[Result "0-1"]
[WhiteElo "2385"]
[BlackElo "2536"]
[TimeControl "180+1"]
[EndTime "14:36:13 PDT"]
[Termination "DariaVoit won by checkmate"]

1. e4 e6 2. d4 d5 3. Nd2 Nf6 4. e5 Nfd7 5. Bd3 c5 6. c3 Nc6 7. Ne2 cxd4 8. cxd4 f6 9. exf6 Nxf6 10. Nf3 Bd6 11. O-O O-O 12. Be3 a6 13. Nc3 Bd7 14.
Rc1 Be8 15. Ng5 Qe7 16. Re1 h6 17. Nh3 Bh5 18. Qd2 Ng4 19. Bf4 Nxd4 20. Nxd5 Qd8 21. Bxd6 Qxd6 22. Ne3 Qxh2+ 23. Kf1 Qh1+ 24. Ng1 Nh2# 0-1